AoeStats
← ILikeMyDraco

Arabia

504238027Analyzed
1v1 RM · 29d ago on Sep 4, 2026· 32m 0s· 2 players
Game mode
Random Map
Map size
Tiny (2 player)
Population
200
Speed
Normal
Resources
Standard
Victory
Conquest
Starting age
Dark Age
Ending age
Imperial Age
RankedLock teamsTeams togetherTeam positionsShared explorationLock speedFull tech treeHidden civsTurbo modeCheats
Victory
Defeat
🇮🇹 Goths · Italy
1630
+16
🇮🇳 Turks · India
1620
-16
Chaos Merchant
9:12 Feudal Age
10:20 Loom
16:16 Horse Collar
18:36 Forging
20:06 Wheelbarrow
19:43 Double-Bit Axe
23:51 Castle Age
22:28 Fletching
22:51 Bloodlines
23:49 Scale Barding Armor
24:54 Chain Barding Armor
24:39 Bodkin Arrow
29:14 Chain Barding Armor
ILikeMyDraco
9:20 Feudal Age
9:28 Loom
9:47 Man-at-Arms
12:48 Double-Bit Axe
17:19 Wheelbarrow
22:23 Castle Age
20:30 Stone Mining
21:12 Fletching
22:31 Scale Mail Armor
23:15 Bodkin Arrow
22:42 Crossbowman
23:37 Pikeman
25:34 Forging
26:54 Bow Saw
28:46 Chain Mail Armor
29:07 Iron Casting
29:16 Squires
Connection lost

Rejoining the realm…

Still unreachable

The connection could not be restored.

Session expired

The server has moved on; the page needs a fresh start.